 Dungeon Crawl Stone Soup version 0.20-a0-443-g0464b71 (webtiles) character file.

373545 aspy the Eclecticist (level 22, -14/114 HPs)
             Began as a Vine Stalker Air Elementalist on Jan 4, 2017.
             Was a High Priest of Sif Muna.
             Demolished by a spriggan defender
             ... wielding a +2 lajatang of speed
              (20 damage)
             ... on level 2 of the Depths on Jan 6, 2017.
             The game lasted 07:16:50 (65595 turns).

aspy the Eclecticist (VSAE)                        Turns: 65595, Time: 07:16:51

Health: -14/114    AC: 17    Str: 13    XL:     22   Next: 72%
Magic:  0/53       EV: 17    Int: 27    God:    Sif Muna [*****.]
Gold:   1505       SH: 16    Dex: 20    Spells: 19/56 levels left

rFire  + . .     SeeInvis +     a - +9 rapier of Suqedini {freeze, rPois rC- Int+5 SInv}
rCold  . . .     Gourm    .     Y - +3 leather armour {rF+}
rNeg   + . .     Faith    .     K - +3 shield {reflect}
rPois  +         Spirit   +     (no helmet)
rElec  .         Reflect  +     l - +2 cloak
rCorr  .         Harm     .     w - +2 pair of gloves
MR     +++++     Clarity  +     x - +2 pair of boots {run}
Stlth  ++++......               U - amulet of the Four Winds {rN+ MR+++ Clar}
                                E - ring of protection from cold
                                Q - ring "Ranlis" {MP+9 Dex+4}

@: about to teleport, divine energy, quick
A: fangs 3, thin metallic scales 1, regeneration 2, magic shield, antimagic
bite, no potion heal 3, rot immunity
}: 2/15 runes: decaying, gossamer
a: Stop Divine Energy, Channel Magic, Forget Spell, Renounce Religion


You were on level 2 of the Depths.
You worshipped Sif Muna.
Sif Muna was extremely pleased with you.
You were very hungry.

You visited 7 branches of the dungeon, and saw 37 of its levels.
You also visited: Ice Cave and Volcano.

You collected 4201 gold pieces.
You spent 2696 gold pieces at shops.

Inventory:

Hand Weapons
 a - the +9 rapier of Suqedini (weapon) {freeze, rPois rC- Int+5 SInv}
   (You bought it in a shop on level 2 of the Orcish Mines)

   It has been specially enchanted to freeze those struck by it, causing extra
   injury to most foes and up to half again as much damage against particularly
   susceptible opponents.
   It can also slow down cold-blooded creatures.
   It affects your intelligence (+5).
   It makes you vulnerable to cold.
   It protects you from poison.
   It lets you see invisible.
 b - a +3 blowgun
Missiles
 A - 6 curare-tipped needles
Armour
 l - a +2 cloak (worn)
 w - a +2 pair of gloves (worn)
 x - a +2 pair of boots of running (worn)
 K - a +3 shield of reflection (worn)
 Y - a +3 leather armour of fire resistance (worn)
Jewellery
 E - a ring of protection from cold (right hand)
 Q - the ring "Ranlis" (left hand) {MP+9 Dex+4}
   (You found it on level 6 of the Lair of Beasts)

   [ring of magical power]

   It affects your dexterity (+4).
   It affects your magic capacity (+9).
 T - an uncursed ring of resist corrosion
 U - the amulet of the Four Winds (around neck) {rN+ MR+++ Clar}
   (You bought it in a shop on level 1 of the Depths)

   [amulet of nothing]

   It protects you from negative energy.
   It affects your resistance to hostile enchantments.
   It protects you against confusion.
Wands
 g - a wand of scattershot (3/9)
 I - a wand of digging (6/24)
 J - a wand of disintegration (13/24)
 O - a wand of digging (12/24)
Scrolls
 d - 3 scrolls of recharging
 f - 5 scrolls of magic mapping
 j - 3 scrolls of fog
 k - 6 scrolls of amnesia
 o - 2 scrolls of silence
 y - 8 scrolls of teleportation
 B - a scroll of acquirement
 M - a scroll of torment
 N - a scroll of enchant weapon
 R - 3 scrolls of summoning
 S - 10 scrolls of remove curse
 V - a scroll of holy word
Potions
 i - 3 potions of berserk rage
 m - 6 potions of resistance
 n - 4 potions of ambrosia
 p - 10 potions of curing
 q - 6 potions of might
 r - 6 potions of flight
 s - 2 potions of magic
 t - 9 potions of brilliance
 v - 4 potions of haste
 z - a potion of cure mutation {unknown}
 C - 4 potions of cancellation
 H - 4 potions of invisibility
 L - a potion of agility
Comestibles
 c - 12 bread rations
 e - 20 fruits
 h - 2 meat rations
 D - 2 chunks of flesh
 F - 10 beef jerkies


   Skills:
 - Level 11.4 Fighting
 * Level 12.6 Short Blades
 - Level 6.9 Dodging
 - Level 7.0 Stealth
 + Level 14.4 Shields
 + Level 17.7 Spellcasting
 - Level 17.0 Conjurations
 - Level 7.1 Charms
 - Level 12.2 Fire Magic
 - Level 10.2 Air Magic
 - Level 3.0 Poison Magic
 + Level 8.5 Invocations


You had 19 spell levels left.
You knew the following spells:

 Your Spells              Type           Power        Failure   Level  Hunger
a - Static Discharge      Conj/Air       #######.     1%          3    None
b - Blink                 Tloc           N/A          6%          2    None
c - Animate Skeleton      Necr           N/A          3%          1    None
d - Poison Arrow          Conj/Pois      ######....   10%         6    ###....
f - Iron Shot             Conj/Erth      ######....   14%         6    ###....
g - Apportation           Tloc           ###.......   3%          1    None
r - Deflect Missiles      Chrm/Air       ######....   12%         6    ###....
s - Airstrike             Air            ######....   1%          4    None
w - Swiftness             Chrm/Air       ######..     1%          2    None
z - Bolt of Fire          Conj/Fire      #######...   1%          6    ###....


Dungeon Overview and Level Annotations

Branches:
Dungeon (15/15)            Temple (0/1) D:6            Lair (6/6) D:10
  Swamp (4/4) Lair:4       Spider (4/4) Lair:2        Slime (0/5) Lair:6
    Orc (2/2) D:12            Elf (0/3) Orc:2        Vaults (4/5) D:14
  Crypt (0/3) Vaults:3     Depths (2/5) D:15

Altars:
Ashenzari
Cheibriados
Dithmenos
Elyvilon
Fedhas
Gozag
Hepliaklqana
Makhleb
Okawaru
Ru
Sif Muna
Trog
Xom
Yredelemnul
Zin
The Shining One
Beogh
Jiyva

Shops:
D:5 *   D:8 }   D:10 !   D:11 *   D:14 *   Orc:2 *[(:   Vaults:4 *
Depths:1 ==}

Portals:
Hell: Depths:1 Depths:2
Ziggurat: Depths:1

Annotations:
D:4 exclusion: ogre
D:6 Way too crazy !!!
D:12 exclusion: downstairs
D:15 exclusion: Roxanne, Roxanne
Depths:1 1 runed door, exclusions: door and orange crystal statue
Depths:2 exclusion: door, Mara


Innate Abilities, Weirdness & Mutations

You have razor-sharp teeth.
You heal very quickly.
When hurt, damage is shared between your health and your magic reserves.
Your bite disrupts and absorbs the magic of your enemies.
Potions cannot restore your health.
You are immune to rotting.
You are partially covered in thin metallic scales. (AC +2)


Message History

The spriggan defender hits you with a lajatang of speed.
* * * LOW HITPOINT WARNING * * *
You block the spriggan defender's attack.
You are too injured to fight recklessly!
You miss the spriggan defender. Your bite misses the spriggan defender.
The spriggan defender is almost dead.
The spriggan defender hits you with a lajatang of speed!!
* * * LOW HITPOINT WARNING * * *
As you read the scroll of fear, it crumbles to dust.
You assume a fearsome visage.
The spriggan defender resists with almost no effort.
The spriggan defender hits you with a lajatang of speed!!
* * * LOW HITPOINT WARNING * * *
The spriggan defender hits you with a lajatang of speed.
* * * LOW HITPOINT WARNING * * *
As you read the scroll of teleportation, it crumbles to dust.
You feel strangely unstable.
You regain access to your magic.
The spriggan defender hits you with a lajatang of speed!!
You die...

.≈≈≈≈≈..# #.#.#..###
≈≈≈≈≈≈.## #.#.#..#
≈≈≈≈≈≈.# ##.#....# .L
≈≈≈≈≈#.# #.....#.# ..#
≈≈≈≈.#.###.......# ...
..##...#....#########'##
..###..#....#... .....#
..# #..#..####'###.i...
) ..#
#..#..#.#...@#).#..'.
>.# #..#..#.'....i...⌠.#
..# ##....#.#....#..)..#
..# #....# #....###'###
### #..######'### ..
#..#)#.....### ##
#..#.#.....#.#
#..#.'..#⌠.'.#
#..#.#.....#.#


You could see a spriggan defender.

Vanquished Creatures
  2 caustic shrikes
  Arachne (Spider:3)
  A tentacled monstrosity (Depths:2)
  A lich (Depths:2)
  The ghost of Tungsten the Severer, an adept HOAK of Lugonu (Swamp:3)
  4 sphinxes
  4 tengu reavers
  Kirke (D:13)
  3 frost giants (Depths:2)
  Aizul (Depths:2)
  4 ghost moths
  3 fire giants
  13 vault wardens
  A caustic shrike zombie (Depths:2)
  3 orc warlords
  5 emperor scorpions
  12 stone giants
  3 entropy weavers
  A spriggan defender (Depths:2)
  7 ironheart preservers
  21 very ugly things
  2 vampire knights (Depths:2)
  A deep elf annihilator (Vaults:4)
  5 spark wasps
  A deep elf death mage (Vaults:4)
  Josephine (Orc:1)
  Snorg (Orc:1)
  5 ettins
  9 fire dragons
  12 ogre magi
  17 yaktaur captains
  5 great orbs of eyes
  6 rakshasas (Depths:2)
  3 vault guards
  6 ice dragons
  23 hydras
  4 catoblepae
  Fannar (Orc:1)
  4 spriggan air magi
  5 tengu warriors
  43 two-headed ogres
  A death knight (Vaults:2)
  9 alligators
  7 centaur warriors
  6 death yaks (Lair:6)
  4 deep troll earth magi
  A vampire mage (Depths:2)
  3 deep troll shamans
  An orc high priest (Orc:2)
  5 spriggan berserkers (Depths:2)
  A deep elf knight (Vaults:4)
  A fire crab (shapeshifter) (Vaults:1)
  The ghost of psellion the Basher, a novice GrBe of Trog (Lair:1)
  43 slime creatures
  A shadow wraith (Vaults:4)
  10 skeletal warriors
  A spark wasp zombie (Depths:2)
  12 deep trolls
  3 flayed ghosts
  4 swamp dragons
  2 glowing orange brains
  2 shambling mangroves
  8 wizards
  A lindwurm (Swamp:4)
  2 unseen horrors
  10 orc knights
  7 deep elf archers
  A harpy (Vaults:4)
  5 necromancers
  A wolf spider zombie (D:14)
  17 ironbrand convokers
  17 orb spiders
  A phantasmal warrior (Vaults:2)
  31 wolf spiders
  An orb spider (shapeshifter) (Vaults:1)
  A shadow dragon skeleton (Vaults:3)
  7 deep elf magi
  3 orc sorcerers (Orc:2)
  A tengu skeleton (Vaults:3)
  6 cyclopes
  39 ugly things
  3 moths of wrath
  12 elephants
  4 manticores
  A sphinx skeleton (Vaults:1)
  3 black mambas
  3 stone giant skeletons
  The ghost of Syneil the Destroyer, a novice DECj (D:6)
  6 vault sentinels
  Joseph (D:10)
  3 ice statues (IceCv)
  A gargoyle (D:14)
  22 spiny frogs
  2 frost giant skeletons (Vaults:3)
  11 komodo dragons
  A spriggan zombie (Depths:2)
  5 spectral swamp worms (Depths:2)
  2 kobold demonologists (D:12)
  2 rime drakes
  69 yaktaurs
  An efreet (D:15)
  2 freezing wraiths
  6 demonic crawlers
  6 tengu conjurers
  9 trolls
  32 jumping spiders
  A polar bear (shapeshifter) (Vaults:2)
  6 tyrant leeches
  13 hornets
  15 blink frogs
  7 hippogriffs
  A raiju (shapeshifter) (Vaults:1)
  A blink frog (shapeshifter) (Vaults:3)
  12 bog bodies
  7 spriggans
  6 wraiths
  5 wyverns
  82 redbacks
  A spriggan skeleton (Depths:2)
  3 air elementals (Depths:1)
  30 tarantellas
  4 shadows
  3 hogs
  2 ettin skeletons
  3 basilisks
  2 hogs (shapeshifter)
  52 yaks
  A yak (shapeshifter) (Depths:2)
  A yaktaur simulacrum (Vaults:4)
  2 steam dragons
  A hungry ghost (D:14)
  5 wargs
  A naga (shapeshifter) (Vaults:2)
  8 insubstantial wisps
  13 vampire mosquitoes
  An acid dragon (Lair:4)
  13 porcupines
  2 hell hounds
  2 soldier ants (shapeshifter)
  10 swamp worms
  14 water moccasins
  2 elf skeletons
  A water moccasin (shapeshifter) (Vaults:3)
  An ogre skeleton (Vaults:1)
  42 orc warriors
  3 black bears
  8 ice beasts
  16 swamp drakes
  A deep troll skeleton (Vaults:3)
  A hornet zombie (D:14)
  11 sky beasts
  10 centaurs
  34 ogres
  9 wolves
  6 human skeletons
  10 boggarts
  An eye of draining (D:12)
  7 phantoms
  2 elf simulacra (Depths:2)
  9 crocodiles
  8 big kobolds
  2 wyvern zombies (D:12)
  21 bullfrogs
  A gnoll sergeant (D:12)
  2 scorpions
  A water moccasin skeleton (D:7)
  19 killer bees
  3 wights (D:14)
  3 howler monkeys
  8 crimson imps
  A bullfrog zombie (D:12)
  6 centaur skeletons
  9 hounds
  5 jellies
  2 quasits
  19 orc priests
  28 orc wizards
  6 bullfrog skeletons
  An iron imp (D:6)
  2 iguanas
  4 lightning spires (Depths:1)
  8 worker ants
  A howler monkey zombie (D:9)
  2 worker ant zombies
  7 gnolls
  15 adders
  5 shadow imps
  12 white imps (Lair:1)
  2 oozes
  An adder skeleton (D:4)
  6 worms
  A dart slug (D:3)
  9 leopard geckos
  85 orcs
  A ball python (D:5)
  3 bats (D:1)
  5 giant cockroaches
  7 goblins
  7 hobgoblins
  19 jackals
  18 kobolds
  5 quokkas
  3 frilled lizards
  A giant cockroach zombie (D:6)
  2 goblin skeletons (D:6)
  A goblin zombie (D:6)
  2 hobgoblin zombies (D:6)
  A jackal skeleton (D:5)
  3 kobold skeletons (D:6)
  2 orc skeletons
  An orc zombie (D:6)
  A quokka zombie (D:9)
  9 rats
  2 fungi
  A plant (Lair:6)
1634 creatures vanquished.

Vanquished Creatures (collateral kills)
  2 alligators
  A flayed ghost (Depths:1)
  2 swamp dragons (Swamp:4)
  A lindwurm (Swamp:4)
  A manticore (Lair:6)
  2 spiny frogs
  2 komodo dragons (Lair:6)
  A slime creature (Swamp:4)
  6 blink frogs (Lair:6)
  A hippogriff (Lair:5)
  6 yaks (Lair:6)
  A golden eye (Lair:6)
  2 vampire mosquitoes (Swamp:2)
  A warg (Orc:2)
  4 swamp worms
  A water moccasin (Lair:6)
  A porcupine (Lair:5)
  An orc warrior (Orc:1)
  A crocodile (Lair:6)
  A bullfrog (D:11)
  A wight (D:14)
  A crimson imp (D:14)
  An orc wizard (Orc:2)
  5 orcs
  3 fungi (Lair:6)
49 creatures vanquished.

Vanquished Creatures (others)
  A stone giant (Depths:2)
  4 yaktaur captains
  2 centaur warriors
  A shadow wraith (Vaults:3)
  2 swamp dragons (Swamp:4)
  A lindwurm (Swamp:4)
  A cyclops (Vaults:1)
  8 yaktaurs
  A hornet (Swamp:1)
  A spriggan (Swamp:1)
  A sky beast (Depths:1)
  4 swamp drakes (Swamp:4)
  An orc priest (Vaults:2)
  An orc wizard (D:13)
  3 ball lightnings (Depths:1)
  An orc (D:13)
  15 fungi
  7 plants
55 creatures vanquished.

Grand Total: 1738 creatures vanquished

Notes
Turn   | Place    | Note
-------+----------+-------------------------------------------
     0 | D:1      | aspy the Vine Stalker Air Elementalist began the quest for the Orb.
     0 | D:1      | Reached XP level 1. HP: 9/9 MP: 4/4
   142 | D:1      | Reached XP level 2. HP: 3/13 MP: 1/6
   442 | D:1      | Learned a level 2 spell: Swiftness
   445 | D:1      | Learned a level 2 spell: Repel Missiles
   634 | D:1      | Reached XP level 3. HP: 16/16 MP: 4/7
  1389 | D:2      | Found a burning altar of Makhleb.
  1395 | D:2      | Gained mutation: Your natural rate of healing is unusually fast. [Vine Stalker growth]
  1395 | D:2      | Reached XP level 4. HP: 21/21 MP: 5/9
  1597 | D:2      | Learned a level 3 spell: Static Discharge
  2180 | D:2      | Found a deep blue altar of Sif Muna.
  2186 | D:2      | Became a worshipper of Sif Muna the Loreminder
  2347 | D:2      | Reached XP level 5. HP: 23/24 MP: 4/10
  2753 | D:2      | Found a shadowy altar of Dithmenos.
  2900 | D:3      | Found a blossoming altar of Fedhas.
  3311 | D:3      | Found a white marble altar of Elyvilon.
  3536 | D:3      | Noticed a moth of wrath
  3539 | D:3      | Found a bloodstained altar of Trog.
  3852 | D:4      | Noticed an ogre
  4378 | D:4      | Reached XP level 6. HP: 27/28 MP: 8/12
  4497 | D:4      | Noticed a phantom
  4585 | D:4      | Killed a phantom
  4585 | D:4      | Reached * piety under Sif Muna
  4784 | D:4      | Learned a level 5 spell: Lightning Bolt
  5228 | D:5      | Entered Level 5 of the Dungeon
  5312 | D:5      | Noticed a sky beast
  5635 | D:5      | Found an opulent altar of Gozag.
  5640 | D:5      | Found Gozag's Platinum Reserve.
  5739 | D:5      | Reached skill level 5 in Air Magic
  5819 | D:5      | Reached XP level 7. HP: 32/32 MP: 11/14
  6582 | D:5      | Reached ** piety under Sif Muna
  7105 | D:6      | Found a glowing golden altar of the Shining One.
  7213 | D:5      | Reached skill level 5 in Conjurations
  7604 | D:6      | Gained mutation: You have razor-sharp teeth. [Vine Stalker growth]
  7604 | D:6      | Reached XP level 8. HP: 36/36 MP: 12/16
  7607 | D:6      | Found a staircase to the Ecumenical Temple.
  7797 | D:6      | Noticed a cyclops
  7934 | D:6      | Found a basalt altar of Yredelemnul.
  8312 | D:6      | Noticed Syneil's ghost (novice DECj)
  8914 | D:7      | Found a sacrificial altar of Ru.
  8924 | D:7      | Reached skill level 5 in Spellcasting
  9192 | D:7      | Reached *** piety under Sif Muna
  9919 | D:8      | Reached XP level 9. HP: 39/39 MP: 4/18
 10169 | D:8      | Found Sudass's Food Emporium.
 10200 | D:8      | Reached skill level 1 in Invocations
 10428 | D:8      | Found a glowing silver altar of Zin.
 10433 | D:8      | Found a snail-covered altar of Cheibriados.
 10629 | D:8      | Found a shimmering altar of Xom.
 10630 | D:8      | Found a hazy altar of Hepliaklqana.
 10630 | D:8      | Noticed a thorn hunter
 10631 | D:8      | Noticed a spectral ugly thing
 10631 | D:8      | Noticed a thorn hunter
 10664 | D:8      | Found Ceiv's Gadget Shop.
 11025 | D:9      | Reached **** piety under Sif Muna
 11324 | D:9      | Noticed a two-headed ogre
 11955 | D:9      | Killed a two-headed ogre
 11955 | D:9      | Reached XP level 10. HP: 44/44 MP: 0/20
 12356 | D:9      | Reached ***** piety under Sif Muna
 12465 | D:9      | Identified Sif Muna's Grimoire of Arcane Weapons (Sif Muna gifted it to you on level 9 of the Dungeon)
 12465 | D:9      | Received a gift from Sif Muna
 12471 | D:9      | Learned a level 2 spell: Blink
 13174 | D:9      | Learned a level 3 spell: Conjure Flame
 13178 | D:9      | Learned a level 3 spell: Mephitic Cloud
 13372 | D:9      | Found a shattered altar of Ashenzari.
 13560 | D:9      | Reached skill level 1 in Fire Magic
 14023 | D:10     | Entered Level 10 of the Dungeon
 14023 | D:10     | Found Bodif's Distillery.
 14107 | D:10     | Noticed a death knight
 14263 | D:10     | Noticed Joseph
 16051 | D:10     | Bought a potion of resistance for 120 gold pieces
 16051 | D:10     | Bought a potion of brilliance for 48 gold pieces
 16051 | D:10     | Bought a potion of brilliance for 48 gold pieces
 16051 | D:10     | Bought a potion of brilliance for 48 gold pieces
 16051 | D:10     | Bought a potion of brilliance for 48 gold pieces
 16080 | D:9      | Learned a level 6 spell: Bolt of Fire
 16100 | D:10     | Killed Joseph
 16100 | D:10     | Reached XP level 11. HP: 39/47 MP: 2/23
 16283 | D:10     | Found a staircase to the Lair.
 16820 | Lair:1   | Entered Level 1 of the Lair of Beasts
 16830 | Lair:1   | Identified Sif Muna's Catalogue of Ashen Intoxication (Sif Muna gifted it to you on level 1 of the Lair of Beasts)
 16830 | Lair:1   | Received a gift from Sif Muna
 16996 | Lair:1   | Reached skill level 1 in Fighting
 16997 | Lair:1   | Reached skill level 5 in Fire Magic
 17182 | Lair:1   | Noticed psellion's ghost (novice GrBe)
 17404 | Lair:1   | Found a frozen archway.
 17464 | IceCv    | Entered an ice cave
 17648 | IceCv    | Noticed a white ugly thing
 17656 | IceCv    | Killed a white ugly thing
 18142 | IceCv    | Reached skill level 5 in Invocations
 18236 | IceCv    | Noticed a white ugly thing
 18371 | IceCv    | Killed a white ugly thing
 19119 | Lair:1   | Reached skill level 10 in Conjurations
 19288 | Lair:1   | Noticed a two-headed ogre
 19296 | Lair:1   | Killed a two-headed ogre
 19317 | Lair:1   | Gained mutation: You heal very quickly. [Vine Stalker growth]
 19317 | Lair:1   | Reached XP level 12. HP: 56/56 MP: 7/25
 19708 | Lair:1   | Killed psellion's ghost
 20093 | Lair:2   | Identified Jafez's Incunabulum of Unstable Stolen Souls (Sif Muna gifted it to you on level 2 of the Lair of Beasts)
 20093 | Lair:2   | Received a gift from Sif Muna
 20155 | Lair:2   | Noticed an eight-headed hydra
 20179 | Lair:2   | Killed an eight-headed hydra
 20822 | Lair:2   | Found a hole to the Spider Nest.
 21074 | Lair:2   | You fall through a shaft for 2 floors!
 21644 | Lair:4   | Found a dark tunnel.
 21674 | Volcano  | Entered a volcano
 21831 | Lair:4   | Learned a level 1 spell: Animate Skeleton
 21833 | Lair:4   | Learned a level 1 spell: Apportation
 22066 | Lair:4   | Found a staircase to the Swamp.
 22164 | Lair:4   | Noticed an eight-headed hydra
 22170 | Lair:4   | Killed an eight-headed hydra
 23521 | Lair:3   | Reached XP level 13. HP: 61/61 MP: 17/27
 23941 | Lair:3   | Reached skill level 5 in Dodging
 23943 | Lair:3   | Reached skill level 5 in Stealth
 24052 | Lair:3   | Reached skill level 10 in Fire Magic
 25210 | Lair:5   | Reached skill level 10 in Spellcasting
 25644 | Lair:6   | Entered Level 6 of the Lair of Beasts
 25656 | Lair:6   | Found a viscous altar of Jiyva.
 25657 | Lair:6   | Found a staircase to the Slime Pits.
 25676 | Lair:6   | Gained mutation: You are partially covered in thin metallic scales. (AC +2) [potion of beneficial mutation]
 27883 | Lair:6   | Identified Sif Muna's Disquisition on Flying Confrontation (Sif Muna gifted it to you on level 6 of the Lair of Beasts)
 27883 | Lair:6   | Received a gift from Sif Muna
 27890 | Lair:6   | Learned a level 4 spell: Airstrike
 27941 | Lair:6   | Reached XP level 14. HP: 62/66 MP: 10/29
 28046 | Lair:6   | Learned a level 7 spell: Delayed Fireball
 28955 | Lair:6   | Reached skill level 5 in Fighting
 29131 | Lair:6   | Got a pair of transparent boots
 29133 | Lair:6   | Got a coiled tin ring
 29143 | Lair:6   | Identified the +4 pair of boots of Guiji {rF- rCorr Str+6 Dex-3} (You found it on level 6 of the Lair of Beasts)
 29144 | Lair:6   | Identified the ring "Ranlis" {MP+9 Dex+4} (You found it on level 6 of the Lair of Beasts)
 30677 | D:11     | Found Riaq's General Store.
 30682 | D:11     | Bought a scroll of identify for 28 gold pieces
 30682 | D:11     | Bought a bread ration for 70 gold pieces
 30682 | D:11     | Bought a potion of brilliance for 56 gold pieces
 31320 | D:12     | Found a staircase to the Orcish Mines.
 31612 | D:12     | Identified Sif Muna's Tome of Unstable Confrontation (Sif Muna gifted it to you on level 12 of the Dungeon)
 31612 | D:12     | Received a gift from Sif Muna
 31622 | D:12     | Learned a level 6 spell: Poison Arrow
 31976 | D:13     | Noticed Kirke
 32032 | D:13     | Killed Kirke
 32032 | D:13     | Reached skill level 1 in Poison Magic
 32523 | D:6      | Killed Syneil's ghost
 32851 | Orc:1    | Entered Level 1 of the Orcish Mines
 32875 | Orc:1    | Noticed Josephine
 32879 | Orc:1    | Killed Josephine
 33078 | Orc:2    | Entered Level 2 of the Orcish Mines
 33290 | Orc:1    | Noticed Snorg
 33297 | Orc:1    | Killed Snorg
 33597 | Orc:1    | Noticed Fannar
 33605 | Orc:1    | Killed Fannar
 33605 | Orc:1    | Reached XP level 15. HP: 72/72 MP: 22/31
 33762 | Orc:2    | Found a staircase to the Elven Halls.
 33783 | Orc:2    | Noticed an orc warlord
 33893 | Orc:1    | Killed an orc warlord
 35127 | Orc:2    | Noticed an orc warlord
 35143 | Orc:2    | Killed an orc warlord
 35275 | Orc:2    | Noticed an orc warlord
 35314 | Orc:2    | Received a gift from Sif Muna
 35463 | Orc:2    | Killed an orc warlord
 35495 | Orc:2    | Found a roughly hewn altar of Beogh.
 35669 | Orc:2    | Found Gufogi's Book Boutique.
 35693 | Orc:2    | Found Beawoi's Antique Armour Boutique.
 35696 | Orc:2    | Found Ymeaman's General Store.
 35800 | Orc:2    | Found Satoegg's Antique Weapon Boutique.
 35806 | Orc:2    | Bought a translucent rapier for 297 gold pieces
 35806 | Orc:2    | Identified the +9 rapier of Suqedini {freeze, rPois rC- Int+5 SInv} (You bought it in a shop on level 2 of the Orcish Mines)
 36019 | Orc:2    | Bought an encrusted leather armour for 224 gold pieces
 36036 | Orc:2    | Bought a +2 shield of reflection for 259 gold pieces
 36046 | Orc:2    | Identified the cursed +0 leather armour of the Hart {rCorr} (You bought it in a shop on level 2 of the Orcish Mines)
 36484 | D:13     | Reached skill level 1 in Shields
 37078 | D:14     | Found a gate to the Vaults.
 37150 | D:14     | Found Bosto's General Store.
 37155 | D:14     | Bought a scroll of teleportation for 51 gold pieces
 37155 | D:14     | Bought a beef jerky for 25 gold pieces
 37676 | D:15     | Entered Level 15 of the Dungeon
 37920 | D:15     | Reached XP level 16. HP: 72/76 MP: 27/33
 37951 | D:15     | Reached skill level 5 in Shields
 38079 | D:15     | Found a staircase to the Depths.
 38163 | D:15     | Noticed Roxanne
 38462 | D:15     | Found a shimmering altar of Xom.
 39270 | Spider:1 | Entered Level 1 of the Spider Nest
 39506 | Spider:1 | Reached skill level 15 in Conjurations
 39555 | Spider:1 | Identified Sif Muna's Almanac of Destructive Enhancements (Sif Muna gifted it to you on level 1 of the Spider Nest)
 39555 | Spider:1 | Received a gift from Sif Muna
 42429 | Spider:3 | Reached XP level 17. HP: 80/80 MP: 31/35
 43302 | Spider:3 | Noticed Arachne
 43309 | Spider:3 | Killed Arachne
 43649 | Spider:4 | Entered Level 4 of the Spider Nest
 43737 | Spider:4 | Identified Sif Muna's Guide on the Mutagenic Birds (Sif Muna gifted it to you on level 4 of the Spider Nest)
 43737 | Spider:4 | Received a gift from Sif Muna
 43901 | Spider:4 | Reached skill level 1 in Short Blades
 45219 | Spider:4 | Reached skill level 10 in Shields
 45387 | Spider:4 | Got a gossamer rune of Zot
 45533 | Swamp:1  | Entered Level 1 of the Swamp
 47370 | Swamp:2  | Reached XP level 18. HP: 88/88 MP: 22/37
 48595 | Swamp:3  | Noticed Tungsten's ghost (adept HOAK)
 48596 | Swamp:3  | Identified Zoneag's Tome of Mutagenic Bewitchment (Sif Muna gifted it to you on level 3 of the Swamp)
 48596 | Swamp:3  | Received a gift from Sif Muna
 48989 | Swamp:3  | Killed Tungsten's ghost
 49599 | Swamp:4  | Entered Level 4 of the Swamp
 49606 | Swamp:4  | Upgraded the game from 0.20-a0-433-g9e36e56 to 0.20-a0-435-gf4ea4dd
 50410 | Swamp:3  | Reached skill level 15 in Spellcasting
 50736 | Swamp:4  | Got a decaying rune of Zot
 51291 | D:8      | Bought 2 fruits for 36 gold pieces
 51291 | D:8      | Bought a bread ration for 60 gold pieces
 51291 | D:8      | Bought a beef jerky for 18 gold pieces
 51291 | D:8      | Bought a meat ration for 60 gold pieces
 51291 | D:8      | Bought a bread ration for 60 gold pieces
 51291 | D:8      | Bought a bread ration for 60 gold pieces
 51291 | D:8      | Bought 4 fruits for 72 gold pieces
 51291 | D:8      | Bought a meat ration for 60 gold pieces
 51291 | D:8      | Bought a bread ration for 60 gold pieces
 51291 | D:8      | Bought a meat ration for 60 gold pieces
 51291 | D:8      | Bought a bread ration for 60 gold pieces
 51484 | Orc:2    | Bought a meat ration for 70 gold pieces
 51484 | Orc:2    | Bought a meat ration for 70 gold pieces
 51643 | Vaults:1 | Entered Level 1 of the Vaults
 52561 | Vaults:1 | Got a bloodstained chain mail
 52916 | Vaults:1 | Reached XP level 19. HP: 83/96 MP: 26/39
 53000 | Vaults:1 | Identified Sif Muna's Advanced Wizardry (Sif Muna gifted it to you on level 1 of the Vaults)
 53000 | Vaults:1 | Received a gift from Sif Muna
 53025 | Vaults:1 | Learned a level 6 spell: Deflect Missiles
 53802 | Vaults:1 | Reached skill level 5 in Short Blades
 54364 | Vaults:2 | Got an encrusted long sword
 54365 | Vaults:2 | Identified the +4 long sword "Parec Geng" {speed, +Inv rN+ MP+9} (You found it on level 2 of the Vaults)
 54810 | Vaults:2 | Reached skill level 10 in Fighting
 56297 | Vaults:3 | Reached XP level 20. HP: 103/103 MP: 37/41
 56866 | Vaults:3 | Identified Sif Muna's Almanac of Companions and Execration (Sif Muna gifted it to you on level 3 of the Vaults)
 56866 | Vaults:3 | Received a gift from Sif Muna
 56965 | Vaults:3 | Found a staircase to the Crypt.
 57619 | Vaults:4 | Identified the +1 chain mail "Eklysamp" {*Corrode rC+++ Int+3} (You found it on level 1 of the Vaults)
 57945 | Vaults:4 | Found Niciluig's General Store.
 57948 | Vaults:4 | Bought a potion of brilliance for 60 gold pieces
 57948 | Vaults:4 | Bought a potion of invisibility for 120 gold pieces
 58263 | Vaults:4 | Got a faintly humming cloak
 58547 | Vaults:4 | Reached skill level 10 in Short Blades
 58984 | Vaults:4 | Reached XP level 21. HP: 96/109 MP: 16/42
 59152 | Vaults:4 | Reached skill level 1 in Charms
 59395 | Vaults:1 | Identified Ferphoh's Collected Works on Summoning (Sif Muna gifted it to you on level 1 of the Vaults)
 59395 | Vaults:1 | Received a gift from Sif Muna
 59539 | Depths:1 | Entered Level 1 of the Depths
 59847 | Depths:1 | Reached skill level 10 in Air Magic
 60031 | Depths:1 | Reached skill level 5 in Charms
 60248 | Depths:1 | Found Loeciojo's Jewellery Emporium.
 60263 | Depths:1 | Found a gateway to Hell.
 60304 | Depths:1 | Found a gateway to a ziggurat.
 60458 | Depths:1 | Found Zynt's Gadget Boutique.
 60459 | Depths:1 | Found Igisoth's Jewellery Emporium.
 60468 | Depths:1 | Bought the amulet of the Four Winds {rN+ MR+++ Clar} for 448 gold pieces
 60883 | Depths:1 | Identified the cursed +0 cloak "Qopierph" {rCorr} (You found it on level 4 of the Vaults)
 60886 | Depths:1 | Identified the +10 long sword "Zeud" {freeze, Str+6} (You took it off a tengu warrior on level 1 of the Depths)
 60999 | Depths:1 | Found a runed door.
 61402 | Depths:2 | Noticed Mara
 61450 | Depths:2 | Noticed aspy's illusion
 61608 | Depths:2 | Noticed aspy's illusion
 61757 | Depths:2 | Noticed a caustic shrike
 61760 | Depths:2 | Noticed a caustic shrike
 61960 | Depths:2 | Identified Sif Muna's Volume of Ignition (Sif Muna gifted it to you on level 2 of the Depths)
 61960 | Depths:2 | Received a gift from Sif Muna
 62112 | Depths:2 | Noticed Aizul
 62126 | Depths:2 | Killed Aizul
 62897 | Depths:2 | Reached XP level 22. HP: 114/114 MP: 23/44
 63329 | Depths:2 | Noticed a caustic shrike
 63455 | Depths:1 | Killed a caustic shrike
 63753 | Depths:2 | Identified a scroll of acquirement
 63791 | Depths:1 | Learned a level 6 spell: Iron Shot
 63807 | Depths:1 | Identified a +0 pair of boots of running (You acquired it on level 1 of the Depths)
 63810 | Depths:1 | Upgraded the game from 0.20-a0-435-gf4ea4dd to 0.20-a0-443-g0464b71
 63828 | Depths:2 | Killed a caustic shrike
 63874 | Depths:2 | Found an iron altar of Okawaru.
 65594 | Depths:2 | HP: 4/114 [spriggan defender/lajatang of speed (5)]
 65595 | Depths:2 | Demolished by a spriggan defender

Vault maps used:
D:1:      sevenhm_arrival_forest_fort_small_5
D:2:      led_sif_pool, lemuel_coloured_pillars_altar, dk_noncrumbling_3,
          grunt_decor_mini_mirrors, makhleb_heckhound_becter
D:3:      lemuel_doored_altar, fedhas_altar_1, tgw_trog, patterned_corridor
D:4:      first_bread
D:5:      hangedman_abyss_or_decor_jellyfish_corner,
          nicolae_gozag_zags_fifth_avenue
D:6:      kennysheep_mini, minivault_25, nicolae_tso_besieged_by_evil
D:7:      lemuel_round_altar
D:8:      regret_index_temple_of_mockery, grunt_temple_overflow_open,
          serial_shops, nicolae_shop_competitors_out_of_business,
          kennysheep_mini_moat, blue_anna_alchemist
D:9:      cheibrodos_ashenzari_chains
D:10:     minmay_lair_entry_lava, serial_shops,
          nicolae_shop_temple_entry_statues_fountains,
          kennysheep_generic_room_13, uniq_joseph
D:11:     minmay_tri_box, serial_shops, kennysheep_little_box
D:12:     orc_0_dummy, grunt_decor_arrowhead
D:13:     uniq_kirke
D:14:     david_vaults_2, serial_shops, shop_statue, hangedman_decor_push
D:15:     hangedman_depths_entry_civil_slaughter, basic_altar, uniq_roxanne
Lair:1:   portal_ice_cave_entry_imps, grunt_megastairs_4
Lair:2:   nicolae_spider_entry_orb_guardian
Lair:4:   swamp_mist_pool, nicolae_volcano_entry_hallway, guppyfry_lair_drakes
Lair:5:   bh_chokoban, ldierk_geyser, grunt_megastairs_2
Lair:6:   evilmike_catoblepas_cave, slime_altar_1
Swamp:1:  evilmike_swamp_ruin_rubble_2, swamp_pool4
Swamp:2:  infiniplex_staircase_pool
Swamp:3:  serial_swamp_ruin, evilmike_swamp_ruin_house_2,
          evilmike_swamp_ruin_house_1, swamp_pool3
Swamp:4:  swamp_fiery
Spider:3: uniq_arachne
Spider:4: grunt_spider_rune_circles
Orc:1:    uniq_josephine, uniq_fannar, uniq_snorg
Orc:2:    grunt_orc_cross
Vaults:1: ontoclasm_vaults_chip, v_misc_14, ontoclasm_vaults_eye,
          vaults_room_grunt_arrival_ludios, nicolae_vaults_sealed_display,
          vaults_room_door_hall, v_misc_16, vaults_room_corners,
          vaults_room_semicircle, nicolae_vaults_gold_heap, vaults_room_pools,
          ontoclasm_vaults_loading_screen
Vaults:2: vaults_room_door_ring, nicolae_vaults_network_periphery,
          hangedman_vaults_nodes, vaults_dpeg_diagonal, kb_rosetta
Vaults:3: minmay_crypt_entry_skeletal_spiral, nicolae_vaults_alarming, v_misc_1,
          v_pattern_1, grunt_vaults_trifunnel, v_misc_22,
          hangedman_vaults_pinch, hangedman_vaults_stretched_pinwheel,
          stair_cage_open, portal_desolation_entry_ruin
Vaults:4: v_misc_14, nicolae_vaults_ninety_degrees, v_misc_12,
          hangedman_vaults_variations, vaults_dpeg_doors, st_smaller_cells,
          v_rooms_5, v_rooms_1, v_misc_23, vaults_room_semicircle,
          nicolae_vaults_network_s, v_misc_14, grunt_vaults_hallway_short,
          nicolae_vaults_asterisk, vaults_dpeg_ring, vaults_dpeg_hooks,
          serial_shops, nicolae_shop_behind_doors
Depths:1: enter_ziggurat_f, minmay_tree_intersection, hangedman_geh_valley,
          minivault_15, hangedman_aerie_drop, minmay_shop_grove
Depths:2: hangedman_box_tower, pf_hell_entry_tar_river, abyss_entry,
          argonaut_fire_from_heaven, uniq_aizul, uniq_mara
IceCv:    ice_cave_statue_garden_chambered
Volcano:  volcano_overflow

Skill      XL: |  1  2  3  4  5  6  7  8  9 10 11 12 13 14 15 16 17 18 19 20 21 22 |
---------------+-------------------------------------------------------------------+-----
Conjurations   | 2 3 4 5 6 8 9 10 11 12 13 14 15 16 17 | 17.0
Spellcasting   | 3 4 5 6 7 8 9 10 11 12 13 14 15 16 17 | 17.7
Air Magic      | 4 5 6 7 8 9 10 | 10.2
Dodging        | 2 3 4 5 6 |  6.9
Invocations    | 3 4 5 7 8 |  8.5
Fire Magic     | 4 7 9 11 12 | 12.2
Fighting       | 3 4 5 7 9 10 11 | 11.4
Stealth        | 4 5 7 |  7.0
Poison Magic   | 2 3 |  3.0
Shields        | 4 9 10 11 12 13 14 | 14.4
Short Blades   | 1 2 7 10 11 12 | 12.6
Charms         | 6 7 |  7.1

Action                   |  1- 3 |  4- 6 |  7- 9 | 10-12 | 13-15 | 16-18 | 19-21 | 22-24 || total
-------------------------+-------+-------+-------+-------+-------+-------+-------+-------++-------
Melee: Unarmed           |    21 |    36 |    64 |    22 |       |       |       |       ||   143
       Bite              |     5 |     9 |    21 |    81 |   244 |   152 |   278 |    45 ||   835
       Dagger            |       |       |       |   244 |   619 |       |       |       ||   863
       Rapier            |       |       |       |       |    74 |   454 |   689 |   122 ||  1339
 Fire: Blowgun           |       |       |    53 |   120 |     7 |       |       |       ||   180
Throw: Stone             |     3 |    11 |     5 |       |       |       |       |       ||    19
 Cast: Shock             |    49 |   167 |   134 |    73 |       |       |       |       ||   423
       Repel Missiles    |     1 |       |       |     2 |     2 |       |     2 |       ||     7
       Static Discharge  |       |     1 |    65 |   137 |    83 |   119 |    26 |     2 ||   433
       Swiftness         |       |     1 |     2 |     4 |     1 |       |       |       ||     8
       Lightning Bolt    |       |       |     6 |    24 |       |       |       |       ||    30
       Conjure Flame     |       |       |       |    37 |     9 |       |       |       ||    46
       Bolt of Fire      |       |       |       |    61 |   288 |   502 |   460 |   125 ||  1436
       Mephitic Cloud    |       |       |       |     2 |       |       |       |       ||     2
       Animate Skeleton  |       |       |       |     5 |    61 |    14 |     2 |       ||    82
       Delayed Fireball  |       |       |       |       |     2 |       |       |       ||     2
       Airstrike         |       |       |       |       |    16 |    57 |    65 |    24 ||   162
       Poison Arrow      |       |       |       |       |     1 |     1 |    10 |       ||    12
       Apportation       |       |       |       |       |       |     1 |       |       ||     1
       Deflect Missiles  |       |       |       |       |       |       |     2 |     1 ||     3
Invok: Divine Energy     |       |     1 |       |       |       |       |       |       ||     1
       Channel Magic     |       |       |       |     1 |     1 |       |     1 |     2 ||     5
 Abil: Release Delayed F |       |       |       |       |     1 |       |       |       ||     1
Evoke: Wand              |       |       |       |       |     2 |       |       |       ||     2
  Use: Scroll            |       |    11 |     5 |    18 |     9 |    15 |     5 |    15 ||    78
       Potion            |       |       |     2 |     6 |     4 |     6 |       |     3 ||    21
 Stab: Sleeping          |     1 |     2 |     1 |     2 |    14 |     6 |     3 |       ||    29
       Distracted        |       |       |       |       |     7 |       |     3 |     1 ||    11
       Invisible         |       |       |       |       |     3 |       |       |       ||     3
       Petrified         |       |       |       |       |     2 |       |       |       ||     2
  Eat: Chunk             |     2 |    13 |     8 |    51 |   101 |    73 |    79 |     8 ||   335
       Meat ration       |       |       |     3 |     3 |     3 |     6 |     2 |     1 ||    18
       Fruit             |       |       |     2 |    11 |     6 |    16 |     2 |     1 ||    38
       Pizza             |       |       |       |     1 |     2 |     3 |       |       ||     6
       Bread ration      |       |       |       |       |     5 |     5 |       |       ||    10
       Royal jelly       |       |       |       |       |       |     2 |       |       ||     2
       Beef jerky        |       |       |       |       |       |     1 |       |       ||     1
Armor: Robe              |    11 |    22 |    30 |   130 |       |       |       |       ||   193
       Leather armour    |       |       |       |    13 |   253 |   257 |   117 |    27 ||   667
Dodge: Dodged            |    29 |    72 |   114 |   286 |   605 |   507 |   251 |    70 ||  1934
       Deflected         |       |     2 |     3 |     7 |    16 |     9 |    41 |    14 ||    92
Block: Shield            |       |       |       |       |       |   359 |   426 |    94 ||   879
       Reflection        |       |       |       |       |       |     9 |    75 |    21 ||   105
